Unix NetHack Version 5.0.0-0 post-release - last build May 22 2026 02:22:16 (99d1c3b6dc4b13757aaa5824b55bdea4e1e63757,branch:main).

Game began 2026-05-22 23:20:55, ended 2026-05-23 00:36:01.

IanCurtis, chaotic male elven Wizard

                  -...
                  ..<.
                  h|.-
                  h|.


                   G

IanCurtis the Thaumaturge  St:11 Dx:11 Co:16 In:17 Wi:13 Ch:11  Chaotic
Dlvl:3  $:153 HP:0(60) Pw:71(95) AC:7  Xp:8 T:8064  Burdened

Latest messages:
 You see here a crude ring mail.
 You climb up the stairs.
 This door is locked.
 This door is locked.
 This door is locked.
 This door is locked.
 That door is closed.
 The door opens.
 You fall down the stairs.
 The gnome wields a crossbow!
 In what direction? j
 The spell hits the gnome!
 The spell hits the gnome!
 In what direction? j
 The spell hits the gnome!
 You kill the gnome!
 You fall into a pit!
 You are still in a pit.
 You are still in a pit.
 You hear an A note squeak nearby.
 The gnome lord picks up 3 daggers.
 In what direction? j
 The spell hits the gnome lord!
 The gnome lord wields 3 daggers!
 In what direction? j
 The spell hits the gnome lord!
 The gnome lord thrusts one of his daggers.
 The gnome lord hits!
 In what direction? j
 The spell hits the gnome lord!
 You kill the gnome lord!
 You are still in a pit.
 You are still in a pit.
 You are still in a pit.
 The dwarf thrusts his broad short sword.
 The dwarf hits!
 The dwarf thrusts his broad short sword.
 The dwarf hits!
 You are still in a pit.
 The dwarf swings her pick-axe.
 The dwarf hits!
 You hear a horn being played nearby.
 The bolt of cold whizzes by you!
 You crawl to the edge of the pit.
 The dwarf thrusts his broad short sword.
 The dwarf hits!
 The gnome plays a horn directed at you!
 The bolt of cold hits you!
 You die...
 Do you want your possessions identified? [ynq] (y) q

Inventory:
 Coins    ('$')
  $ - 153 gold pieces
 Weapons  (')')
  a - the rustproof +0 Magicbane (weapon in right hand)
  N - a blessed +1 quarterstaff
 Armor    ('[')
  E - an uncursed +0 orcish helm (being worn)
  B - an uncursed +0 pair of elven boots (being worn)
  b - an uncursed +0 cloak of magic resistance (being worn)
  A - an uncursed +0 Hawaiian shirt with a jellyfish motif (being worn)
 Comestibles  ('%')
  O - an uncursed lizard corpse
 Scrolls  ('?')
  i - an uncursed scroll of create monster
  x - an uncursed scroll of enchant weapon
  R - an uncursed scroll of fire
  Y - a cursed scroll of fire
  j - a blessed scroll of gold detection
  U - an uncursed scroll of gold detection
  k - 2 uncursed scrolls of identify
  S - an uncursed scroll of identify
  C - an uncursed scroll of remove curse
  z - a blessed scroll of teleportation
  D - an uncursed scroll of teleportation
 Spellbooks  ('+')
  L - an uncursed spellbook of confuse monster
  u - an uncursed spellbook of cure sickness
  l - a blessed spellbook of force bolt
  M - an uncursed spellbook of force bolt
  v - an uncursed spellbook of identify
  m - an uncursed spellbook of light
  T - a cursed spellbook of wizard lock
 Potions  ('!')
  G - an uncursed potion of blindness
  F - a cursed potion of confusion
  q - 5 uncursed potions of healing
  f - an uncursed potion of oil
  s - an uncursed potion of see invisible
  g - an uncursed potion of speed
  h - an uncursed potion of water
  Z - an uncursed potion of water
 Rings    ('=')
  P - an uncursed ring of conflict
  e - an uncursed +1 ring of increase accuracy
  H - an uncursed ring of poison resistance
  y - an uncursed ring of stealth
 Wands    ('/')
  t - a wand of create monster (0:11)
  W - a wand of create monster (0:11)
  Q - a wand of digging (0:8)
  I - a wand of make invisible (0:4)
  r - a wand of probing (0:4)
  J - a wand of slow monster (0:7)
  c - a wand of striking (0:5)
  w - a wand of teleportation (0:4)
 Tools    ('(')
  o - an uncursed bugle
  K - a blessed magic lamp
  n - a magic marker (0:20)
  d - a +0 pick-axe

IanCurtis the Wizard's attributes:

Background:
 You were a Thaumaturge, a level 8 male elven Wizard.
 You were chaotic, on a mission for Anhur
 who was opposed by Ptah (lawful) and Thoth (neutral).
 You were right-handed.
 You were in the Gnomish Mines, on level 3.
 You entered the dungeon 8064 turns ago.
 It was the midnight hour.
 You had 1609 experience points, 951 more were needed to attain level 9.

Basics:
 You had 0 out of 60 hit points.
 You had 71 out of 95 energy points (spell power).
 Your armor class was 7.
 Your wallet contained 153 zorkmids.
 Autopickup was off.

Final Characteristics:
 Your strength was 11 (limit:18).
 Your dexterity was 11 (limit:18).
 Your constitution was 16 (limit:16).
 Your intelligence was 17 (limit:20).
 Your wisdom was 13 (limit:20).
 Your charisma was 11 (limit:18).

Final Status:
 You weren't hungry.
 You were burdened; movement was slightly slowed.
 You were wielding a dagger.
 You had basic skill with dagger.

Final Attributes:
 You were piously aligned.
 You were magic-protected.
 You were sleep resistant.
 You had infravision.
 You were stealthy.
 You were warded.
 You are dead.

Miscellaneous:
 You didn't encounter any bones levels.
 Total elapsed playing time was 50 minutes and 51 seconds.

Major events:
 Turn
    1: IanCurtis the chaotic male elven Wizard entered the dungeon
  776: attained the rank of Conjurer (level 3)
 2923: attained the rank of Thaumaturge (level 6)
 4816: was bestowed with Magicbane by Anhur
 8045: entered the Gnomish Mines
 8064: killed by a bolt of cold played by a gnome

Spells:
 Name                 Level Category     Fail Retention
 force bolt             1   attack         0%   56%-60%
 light                  1   divination     0%   51%-75%
 cure sickness          3   healing       92%  76%-100%
 identify               3   divination    92%  76%-100%
 confuse monster        1   enchantment    0%  91%-100%

Skills:
 Fighting Skills
   bare handed combat [Unskilled]
   riding             [Unskilled]
 Weapon Skills
   dagger             [Basic]
   knife              [Unskilled]
   axe                [Unskilled]
   short sword        [Unskilled]
   club               [Unskilled]
   mace               [Unskilled]
   quarterstaff       [Basic]
   polearms           [Unskilled]
   spear              [Unskilled]
   trident            [Unskilled]
   sling              [Unskilled]
   dart               [Unskilled]
   shuriken           [Unskilled]
 Spellcasting Skills
   attack spells      [Skilled]
   healing spells     [Unskilled]
   divination spells  [Unskilled]
   enchantment spells [Basic]
   clerical spells    [Unskilled]
   escape spells      [Unskilled]
   matter spells      [Unskilled]

Voluntary challenges:
 Character rerolling was not enabled.
 You never genocided any monsters.
 You never polymorphed an object.
 You never changed form.
 You used no wishes.
Achievements:
 You attained the rank of Conjurer.
 You entered a shop.
 You attained the rank of Thaumaturge.
 You entered the Gnomish Mines.

 The Dungeons of Doom: levels 1 to 7
    Level 1:
       An altar, some fountains, a sink.
    Level 2:
       Stairs down to The Gnomish Mines.
    Level 3:
       A scroll shop, a sink.
    Level 4:
       A potion shop, a fountain.
    Level 5: "vault"
       An armor shop, a fountain.
    Level 6: "vault"
       Many altars to Anhur.
    Level 7:
       A scroll shop.
 The Gnomish Mines:
    Level 3: <- You were here.
       Final resting place for
          you, killed by a bolt of cold played by a gnome.


Vanquished creatures:
  a giant beetle
  2 leprechauns
  a lizard
  2 dwarf leaders
  2 gnome mummies
  a wood nymph
  a mountain nymph
  6 Mordor orcs
 an orc shaman
  a rock piercer
  3 rock moles
  2 ponies
  a fog cloud
  4 yellow lights
  a shrieker
  2 violet fungi
  3 gnome leaders
  a gnomish wizard
  2 gray oozes
 an elf zombie
  2 straw golems
  6 giant ants
  a little dog
  4 floating eyes
  a kitten
  7 dwarves
  2 homunculi
  a kobold leader
 11 hill orcs
  7 rothes
  a rabid rat
  4 giant bats
  2 orc zombies
  5 dwarf zombies
  2 iguanas
  4 killer bees
 an acid blob
  3 coyotes
  a gas spore
  a hobbit
  4 manes
  2 hobgoblins
  3 giant rats
  3 yellow molds
  a red mold
  a gnome
  8 garter snakes
  6 geckos
  2 jackals
  a fox
  a goblin
  3 sewer rats
  9 grid bugs
  3 bats
  3 lichens
  2 kobold zombies
  6 newts
162 creatures vanquished.

No species were genocided or became extinct.

Game over:
                       ----------
                      /          \
                     /    REST    \
                    /      IN      \
                   /     PEACE      \
                  /                  \
                  |    IanCurtis     |
                  |      153 Au      |
                  | killed by a bolt |
                  |  of cold played  |
                  |    by a gnome    |
                  |                  |
                  |       2026       |
                 *|     *  *  *      | *
        _________)/\\_//(\/(/\)/\//\/|_)_______

Goodbye IanCurtis the Wizard...

You died in The Gnomish Mines on dungeon level 3 with 6874 points,
and 153 pieces of gold, after 8064 moves.
You were level 8 with a maximum of 60 hit points when you died.

